[Event "BL 2024-25"]
[Site "Austria"]
[Date "2024.10.12"]
[Round "4.1"]
[White "Krivoborodov, Egor"]
[Black "Abasov, Nijat"]
[Result "1/2-1/2"]
[Annotator "TA"]
[ECO "B13"]
[WhiteElo "2555"]
[BlackElo "2619"]
[PlyCount "60"]
[EventDate "2024.08.28"]
[EventType "team-tourn"]
[EventCountry "AUT"]
[SourceTitle "playchess.com"]
[Source "ChessBase"]
[SourceQuality "1"]
[WhiteTeam "Frauental"]
[BlackTeam "Feffernitz"]
[TimeControl "40/5400+30:1800+30"]

1. d4 d5 2. Bf4 c5 3. e3 Nc6 4. Nf3 cxd4 5. exd4 Bf5 6. c3 e6 7. Bb5 Bd6 8. Bxd6 Qxd6 9. O-O h6 10. Nbd2 Nge7 11. Re1 O-O 12. a4 Qc7 13. h3 Nc8 14. Bxc6 Qxc6 15. Ne5 Qc7 16. Nf1 Nd6 17. Ng3 Bh7 18. Nh5 Rae8 19. Qg4 {[%emt 0:14:03][%csl Gh5][%cal Rg4g7] [#]} f6 20. Ng6 Bxg6 21. Qxg6 Qf7 22. Nf4 Qxg6 23. Nxg6 Rf7 24. h4 Rc7 25. h5 Kf7 26. Re2 a5 27. Rae1 b6 {[%emt 0:01:15] [#]} (27... Rc4 $11) 28. Rxe6 Rxe6 $11 {[%emt 0:00:07] The position is equal.} 29. Nh8+ Ke7 30. Ng6+ Kf7 {[%emt 0:00:10] Weighted Error Value: White=0.07 (flawless) /Black=0.08 (flawless) .  Mistake:       	White=1     	Black=1      Inaccurate:     	White=1     	---        OK:         	White=10    	Black=11     Best:        	White=2     	Black=4} 1/2-1/2

[Event "BL 2024-25"]
[Site "Austria"]
[Date "2024.10.12"]
[Round "4.2"]
[White "Karthik Venkataraman"]
[Black "Fahrner, Kurt"]
[Result "1-0"]
[Annotator "TA"]
[ECO "A53"]
[WhiteElo "2581"]
[BlackElo "2314"]
[PlyCount "45"]
[EventDate "2024.08.28"]
[EventType "team-tourn"]
[EventCountry "AUT"]
[SourceTitle "playchess.com"]
[Source "ChessBase"]
[SourceQuality "1"]
[WhiteTeam "Feffernitz"]
[BlackTeam "Frauental"]
[TimeControl "40/5400+30:1800+30"]

1. d4 d6 2. Nf3 Nf6 3. c4 Bf5 4. Nc3 Na6 5. Nh4 Bd7 6. g3 Qc8 7. Bg5 c5 8. Bxf6 {[%emt 0:01:04] White is slightly better.} exf6 9. Nd5 Be7 10. Nxe7 Kxe7 11. Bg2 Rd8 12. Qd3 {[%emt 0:04:32] [#] Strongly threatening Qe4+.} cxd4 $2 {[%emt 0:00:58] This costs Black the game.} ({Better is} 12... g6 $14) 13. Qxh7 $18 ({Weaker is} 13. Qxd4 Be6 $14) 13... Qxc4 14. O-O Be6 15. Bxb7 ({But not} 15. Qxg7 $6 Rg8 16. Qh7 Nc5 $18) 15... Rab8 16. Rac1 Qb5 {[%emt 0:01:41] [#]} 17. Ng6+ $1 fxg6 18. Qxg7+ Bf7 19. Bxa6 Qa5 20. Bc4 d5 21. Bd3 Rg8 22. Qh6 g5 $2 (22... Rh8 23. Qf4 Rhc8) 23. Rc6 {[%emt 0:00:32] Weighted Error Value: White=0.04 (flawless) /Black=0.39.  Loses game:     	---       	Black=1      Mistake:       	---       	Black=1      Inaccurate:     	---       	Black=1      OK:         	White=10    	Black=4      Best:        	White=2     	Black=5} 1-0

[Event "BL 2024-25"]
[Site "Austria"]
[Date "2024.10.12"]
[Round "4.3"]
[White "Steiner, Stefan"]
[Black "Ghosh, Diptayan"]
[Result "0-1"]
[Annotator "TA"]
[ECO "E06"]
[WhiteElo "2302"]
[BlackElo "2566"]
[PlyCount "42"]
[EventDate "2024.08.28"]
[EventType "team-tourn"]
[EventCountry "AUT"]
[SourceTitle "playchess.com"]
[Source "ChessBase"]
[SourceQuality "1"]
[WhiteTeam "Frauental"]
[BlackTeam "Feffernitz"]
[TimeControl "40/5400+30:1800+30"]

1. d4 d5 2. c4 e6 3. Nf3 Nf6 4. g3 Be7 5. Bg2 O-O 6. O-O a5 7. Nbd2 a4 8. Qc2 Nc6 9. Rd1 {[%emt 0:04:11] The position is equal.} Nb4 10. Qb1 c5 11. e4 (11. a3 $11 Nc6 12. dxc5) 11... cxd4 $15 {[%emt 0:09:53] Black is more active.} 12. cxd5 exd5 13. exd5 (13. a3 $142 Nc6 14. e5) 13... Qxd5 {[%emt 0:06:22] Threatens to win with ...Bf5.} 14. Ne1 $2 {[%emt 0:04:00] [#]} (14. Re1 $17 {keeps fighting.}) 14... Qh5 $1 $19 15. Bf3 (15. Ndf3 {was worth a try.}) 15... Ng4 16. h3 Qxh3 17. Nf1 {[%emt 0:00:20] Repels Qh2+} Ne5 (17... Nxf2 $142 18. Kxf2 Bf5) 18. Be4 {[%emt 0:01:42] Prevents Bf5.} Nbc6 19. Bf4 Bf6 20. Nh2 Re8 21. Nef3 (21. Bxe5 {might work better.} Rxe5 (21... Nxe5 $2 22. Qc2 $19) 22. Bg2) 21... Nxf3+ {[%emt 0:02:03] White did not feel at home in the position after the opening.   Weighted Error Value: White=0.46/Black=0.23 (precise) .  Loses game:     	White=1     	---        Mistake:       	White=4     	Black=1      Inaccurate:     	White=1     	---        OK:         	White=6     	Black=6      Strong:       	---       	Black=1} 0-1

[Event "BL 2024-25"]
[Site "Austria"]
[Date "2024.10.12"]
[Round "4.4"]
[White "Kunin, Vitaly"]
[Black "Krebs, Johann"]
[Result "1-0"]
[Annotator "TA"]
[ECO "B07"]
[WhiteElo "2528"]
[BlackElo "2217"]
[PlyCount "109"]
[EventDate "2024.08.28"]
[EventType "team-tourn"]
[EventCountry "AUT"]
[SourceTitle "playchess.com"]
[Source "ChessBase"]
[SourceQuality "1"]
[WhiteTeam "Feffernitz"]
[BlackTeam "Frauental"]
[TimeControl "40/5400+30:1800+30"]

1. d4 Nf6 2. Nf3 g6 3. g3 Bg7 4. Bg2 O-O 5. O-O d6 6. a4 a5 7. Nc3 Nbd7 8. e4 e5 9. Re1 Re8 10. h3 c6 11. d5 Nc5 12. Nd2 cxd5 {[%emt 0:04:17] The position is equal.} 13. exd5 Bd7 ({Black should play} 13... b6 $11) 14. b3 (14. Nc4 $14) 14... e4 15. Rb1 (15. Nc4 $1 $14) 15... e3 $1 $11 16. Rxe3 Rxe3 17. fxe3 Nh5 $1 18. Ne2 Rc8 19. Bb2 (19. g4 $5 Nf6 $8 20. Nf4 $14) 19... Qg5 (19... Bxb2 $11 20. Rxb2 Qe7) 20. Nf1 Bf5 21. Bxg7 Nxg7 22. b4 axb4 23. Rxb4 Ra8 24. Nc3 h5 25. Qd2 Qe7 26. e4 Bd7 27. Qd4 $36 {[%emt 0:00:14][%mdl 2048] White has good play.} Re8 (27... Qg5 $11 {remains equal.}) 28. Rb6 (28. h4 $16) 28... f5 $2 {[%emt 0:02:04] [#]} (28... Ra8 $11 {and Black stays safe.}) 29. e5 $1 Qxe5 $14 ({Much worse is} 29... dxe5 30. Qb4 e4 31. Rxg6 $16) 30. Qxe5 Rxe5 31. Rxd6 Re1 (31... Kf7 $14) 32. Rxg6 Rc1 33. d6 ({Better is} 33. Ne2 $16 Rxc2 34. Nf4) 33... Kh7 $1 $11 34. Rf6 Ne8 35. Rf7+ Kg6 36. Re7 {[%emt 0:00:44] Ne2 is the strong threat.} Nxd6 37. Ne2 Rxc2 38. Nf4+ Kf6 39. Rh7 Bxa4 40. Ne3 Rc1+ 41. Kh2 {[%emt 0:30:07] aiming for Ned5+.} Bc6 42. Rh6+ (42. Rxh5 {simplifies} Bxg2 43. Kxg2 Nce4 44. g4) 42... Ke5 43. Bxc6 bxc6 44. Rxh5 Ke4 45. Neg2 Kf3 46. Nh4+ Ke4 47. Rh7 {[%emt 0:00:00] Re7+ would now be deadly.} Rc2+ 48. Nhg2 {[%emt 0:00:00] And now Re7+ would win.} Kf3 49. Ra7 {[%emt 0:00:00] Prevents Ra2} Nde4 50. Ra3+ Kf2 51. h4 Nd2 $2 (51... Nf6 $11 52. Nh3+ Ke2) 52. Nh3+ $18 {[%emt 0:00:00] White is clearly winning.} Kf1 53. Ne3+ Ke2 54. Nxc2 {[%emt 0:00:00] Intending Nd4+ and mate.} Nf3+ 55. Kg2 {[%emt 0:00:00] Weighted Error Value: White=0.18 (very precise) /Black=0.20 (precise) .  Loses game:     	---       	Black=1      Mistake:       	White=5     	Black=6      Inaccurate:     	White=5     	Black=3      OK:         	White=16    	Black=12     Best:        	White=3     	Black=3      Strong:       	---       	Black=3} 1-0

[Event "BL 2024-25"]
[Site "Austria"]
[Date "2024.10.12"]
[Round "4.5"]
[White "Ebner, Hubert"]
[Black "Pajeken, Jakob Leon"]
[Result "0-1"]
[Annotator "TA"]
[ECO "E17"]
[WhiteElo "2182"]
[BlackElo "2423"]
[PlyCount "80"]
[EventDate "2024.08.28"]
[EventType "team-tourn"]
[EventCountry "AUT"]
[SourceTitle "playchess.com"]
[Source "ChessBase"]
[SourceQuality "1"]
[WhiteTeam "Frauental"]
[BlackTeam "Feffernitz"]
[TimeControl "40/5400+30:1800+30"]

1. d4 Nf6 2. Nf3 e6 3. g3 b6 4. Bg2 Bb7 5. O-O Be7 6. c4 O-O 7. d5 exd5 8. Nh4 c6 9. cxd5 Nxd5 10. Nf5 Nc7 11. e4 d5 12. Nc3 Nba6 13. Bf4 Ne6 (13... Bf6 $11 {keeps the balance.}) 14. Qg4 (14. exd5 $16 Nxf4 15. dxc6 (15. gxf4 Bc8 $18) 15... Nxg2 16. cxb7) 14... h5 15. Qxh5 {[%emt 0:01:27] White is slightly better.} Nxf4 16. gxf4 {[%emt 0:00:12] exd5 is the strong threat.} g6 17. Qh6 gxf5 18. Kh1 $2 {[%emt 0:04:50] White is now going downhill.} (18. e5 $1 $11 Re8 19. Kh1) 18... Qd6 $19 (18... fxe4 19. Bxe4 f5 20. Rg1+) (18... dxe4 $2 19. Rg1 $18) 19. Qh3 Qxf4 (19... fxe4 $2 20. Bxe4 f5 (20... dxe4 $2 21. Rg1+ $18) 21. Rg1+ Kf7 22. Qh5+ Ke6 23. Bxf5+ Rxf5 24. Rae1+ Kd7 25. Qxf5+ Kd8 (25... Kc7 $2 26. Qf7 $18) 26. Rg7 $18) 20. exd5 Qg4 21. Qe3 Bc5 22. Qh6 {[%emt 0:00:09] [#] Hoping for Rg1.} Qg6 (22... Rad8 $1 $19 {[%cal Rd8d6] Threatens to win with ...Rd6.} 23. Rg1 Rd6 (23... Bxf2 $2 {is the wrong capture.} 24. Bh3 $18) (23... cxd5 $2 {perishes.} 24. Bf3 $18) 24. Qxd6 Bxd6) 23. Qh4 {[%emt 0:00:13] [#]} (23. Qh3 $17 Qg4 24. Qxg4+ fxg4 25. dxc6) 23... Kg7 $1 24. dxc6 Bxc6 25. Rg1 Rh8 26. Bxc6 Rxh4 27. Rxg6+ fxg6 ({Don't play} 27... Kxg6 28. Rg1+ Kh6 29. Bxa8 $17) 28. Bxa8 Bxf2 29. Kg2 Bd4 30. Nb5 Bxb2 31. Re1 Kf6 32. Nxa7 Be5 33. h3 Ra4 34. Re2 $2 (34. Nc8 {is a better defense.}) 34... Nc5 {[%emt 0:01:45] Black is clearly winning.} 35. Nc6 Nd3 {[%emt 0:05:18] White must now prevent ...Nf4+.} 36. Nxe5 Nf4+ 37. Kf2 Nxe2 38. Nd7+ Kg5 39. Nxb6 Rxa2 {[%emt 0:00:15] ...Nc1+ would now be deadly.} 40. Bd5 Ra6 {[%emt 0:00:25] Weighted Error Value: White=0.50/Black=0.19 (very precise) .  Loses game:     	White=1     	---        Mistake:       	White=3     	Black=2      Inaccurate:     	White=2     	Black=1      OK:         	White=12    	Black=9      Best:        	White=2     	Black=5      Strong:       	---       	Black=1} 0-1

[Event "BL 2024-25"]
[Site "Austria"]
[Date "2024.10.12"]
[Round "4.6"]
[White "Brunello, Sabino"]
[Black "Gruenwald, Simon"]
[Result "1-0"]
[Annotator "TA"]
[ECO "A11"]
[WhiteElo "2514"]
[BlackElo "2143"]
[PlyCount "81"]
[EventDate "2024.08.28"]
[EventType "team-tourn"]
[EventCountry "AUT"]
[SourceTitle "playchess.com"]
[Source "ChessBase"]
[SourceQuality "1"]
[WhiteTeam "Feffernitz"]
[BlackTeam "Frauental"]
[TimeControl "40/5400+30:1800+30"]

1. c4 c6 2. Nf3 d5 3. g3 Bg4 4. Ne5 Bf5 5. Qb3 Qb6 6. cxd5 Qxb3 7. axb3 cxd5 8. Nc3 {[%emt 0:11:05][%cal Oc3b5,Bb1c3,Bc3d5,Bd5c7][%mdl 32] White is slightly better.} Nc6 {[%emt 0:12:09] [#]} (8... f6 $16) 9. Nxd5 $1 $18 {[%emt 0:22:49] Black must now prevent Nxc6.} Nxe5 (9... Rc8 10. Nxc6) 10. Nc7+ Kd7 11. Nxa8 Nc6 {[%emt 0:00:13] [#]} 12. d4 e6 $16 13. Bg2 Nf6 $2 (13... Bb4+ $16 {was worth a try.} 14. Bd2 Bxd2+ 15. Kxd2 Nge7) 14. Bxc6+ $18 Kxc6 15. Rxa7 Nd5 16. f3 Nb4 (16... Nb6 $142 17. Kf2 Nxa8 18. Rxa8 g5 19. Bxg5 Bc5) 17. e4 Bh3 18. Ke2 Bd6 19. Be3 Rb8 20. Rc1+ Kb5 21. Nc7+ Bxc7 22. Rxc7 {[%emt 0:00:06] White threatens Rc5+ and mate.} Kb6 {[%emt 0:00:07] [#]} 23. Rcxb7+ Rxb7 $15 24. d5+ Kc7 25. Ra4 (25. Rxb7+ Kxb7 26. Bd2 Na6 $17) 25... exd5 26. Bc5 $1 Nc6 {[%emt 0:02:43] Hoping for ...dxe4.} 27. exd5 Ne5 28. b4 Bd7 29. Ra8 h5 30. b3 Bb5+ 31. Ke3 Rb8 $2 (31... Nd7 $11 {and Black stays safe.}) 32. Rxb8 $18 Kxb8 33. Bd6+ Kc8 34. Bxe5 {[%emt 0:00:03][%mdl 4096] Endgame. KB-KB} g6 35. Kd4 Kd7 36. f4 Be2 37. Kc5 Ba6 38. b5 Bc8 (38... Bb7 39. Bc3 Ba8) 39. Kb6 {[%emt 0:00:27] And now Ka7 would win.} Kd8 40. Ka7 Bd7 41. b6 {[%emt 0:30:07] Weighted Error Value: White=0.80/Black=0.55.  Loses game:     	---       	Black=2      Missed win:     	White=1     	---        Mistake:       	White=1     	Black=3      Inaccurate:     	White=1     	Black=4      OK:         	White=11    	Black=8      Best:        	White=5     	Black=3      Strong:       	White=2     	---} 1-0

[Event "BL 2024-25"]
[Site "Austria"]
[Date "2024.10.12"]
[Round "4.7"]
[White "Nguyen, Thai Dai Van"]
[Black "Dragnev, Valentin"]
[Result "1-0"]
[Annotator "TA"]
[ECO "C88"]
[WhiteElo "2663"]
[BlackElo "2562"]
[PlyCount "77"]
[EventDate "2024.08.28"]
[EventType "team-tourn"]
[EventCountry "AUT"]
[SourceTitle "playchess.com"]
[Source "ChessBase"]
[SourceQuality "1"]
[WhiteTeam "Mistelbach"]
[BlackTeam "Ottakring"]
[TimeControl "40/5400+30:1800+30"]

1. e4 e5 2. Nf3 Nc6 3. Bb5 a6 4. Ba4 Nf6 5. O-O Be7 6. Re1 b5 7. Bb3 O-O 8. a4 Bb7 9. d3 Re8 10. Bg5 h6 11. axb5 axb5 12. Rxa8 Bxa8 {[%emt 0:00:20] White has an edge.} 13. Bh4 d6 14. Nc3 Na5 15. Ba2 b4 16. Ne2 c5 17. Ng3 g6 18. Bxf6 Bxf6 19. Nf1 b3 20. Bxb3 Nxb3 21. cxb3 Bg7 22. Ne3 Qd7 23. Qc2 Bc6 24. Ra1 Rb8 25. Nd2 h5 26. Ndc4 Bh6 27. Ra6 Bxe3 28. Nxe3 Qb7 29. Ra3 Bd7 30. Nc4 Qc7 31. Qc3 Be6 32. h3 Qe7 33. Ra6 Qg5 34. Qd2 (34. Nxd6 Bxh3 35. g3 Qg4 $11) 34... Qe7 (34... Qxd2 $1 $14 35. Nxd2 d5) 35. Nxd6 $16 (35. Rxd6 Rxb3 36. Qc2 Bxc4 37. Qxc4 Qxd6) 35... Rb7 $2 (35... Rd8 $16) 36. Qc2 $2 (36. Nxb7 Qxb7 37. Qa5) 36... Qg5 $2 (36... Ra7 37. Rxa7 Qxa7) 37. Ra8+ $18 Kh7 {[%emt 0:00:30] [#]} 38. Nxf7 $2 Qe7 $2 ({Reject} 38... Bxf7 39. Qxc5 Rd7 40. Ra7 (40. Qc8 Rd8 $11) 40... Rxa7 41. Qxa7 Qc1+ 42. Kh2 $11) (38... Rxf7 $17 39. Kh1 Rc7) 39. Nd8 {[%emt 0:00:30] Weighted Error Value: White=0.42/Black=0.49.  Loses game:     	---       	Black=1      Mistake:       	White=1     	Black=2      OK:         	White=17    	Black=9} 1-0

[Event "BL 2024-25"]
[Site "Austria"]
[Date "2024.10.12"]
[Round "4.8"]
[White "Papp, Gabor"]
[Black "Pechac, Jergus"]
[Result "1/2-1/2"]
[Annotator "TA"]
[ECO "C54"]
[WhiteElo "2508"]
[BlackElo "2582"]
[PlyCount "183"]
[EventDate "2024.08.28"]
[EventType "team-tourn"]
[EventCountry "AUT"]
[SourceTitle "playchess.com"]
[Source "ChessBase"]
[SourceQuality "1"]
[WhiteTeam "Ottakring"]
[BlackTeam "Mistelbach"]
[TimeControl "40/5400+30:1800+30"]

1. e4 e5 2. Nf3 Nc6 3. Bc4 Bc5 4. c3 Nf6 5. d3 d6 6. O-O O-O 7. Nbd2 a6 8. a4 Ba7 9. h3 Re8 10. b4 Be6 11. Bxe6 Rxe6 12. Qc2 h6 13. Rd1 Ne7 14. c4 Nc6 15. b5 Nd4 16. Nxd4 Bxd4 17. Bb2 Bxb2 18. Qxb2 a5 19. Nf1 Nd7 20. Ne3 Nc5 21. Qc2 Rg6 22. Kh2 Ne6 23. Nf5 b6 24. Rg1 Kh7 25. Raf1 Rf6 26. Qd1 Qd7 27. Ne3 Nf4 (27... Rg6 $14) 28. Nd5 $1 $16 Nxd5 29. cxd5 g5 30. Qg4 Qxg4 31. hxg4 {[%emt 0:00:05][%mdl 4096] Endgame. KRR-KRR} Rg6 32. Rc1 Ra7 33. Rc2 {[%emt 0:02:22] Strongly threatening Rgc1.} Rg7 34. Rgc1 f6 35. Kg3 Kg8 36. Kf3 Kf8 37. Ke2 Ke8 38. d4 Kf8 39. Rc3 Re7 40. Rh3 Rh7 41. Rf3 Kg7 42. Rcc3 (42. dxe5 $18 fxe5 43. Rcc3) 42... exd4 43. Rc1 Kg6 44. Kd3 {[%emt 0:00:00] White is much more active.} Ra8 45. Kxd4 Re8 46. Rfc3 (46. Rh3 $16) 46... Ree7 $1 $14 47. Rh1 Rd7 (47... h5 $11 {remains equal.}) 48. Rch3 $16 Rde7 49. f3 Rd7 50. g3 Rde7 51. R3h2 Re8 52. Rc1 Rd7 53. Rhc2 Ree7 54. f4 Kg7 55. Rc6 Kh7 56. R6c3 Kg6 57. R3c2 Kg7 58. Re1 Rf7 59. Rc6 gxf4 60. gxf4 Rde7 61. Rec1 Kg6 62. R6c2 Rg7 63. Ke3 h5 64. gxh5+ Kxh5 65. Kf3 {[%emt 0:04:37] Against Rg3+} Kg6 66. Rh1 (66. Rh2 $1 $16) 66... Kf7 $1 $11 67. Rh8 Rg8 $2 (67... Rg1 $11 {and Black has nothing to worry.}) 68. Rxg8 $1 $18 Kxg8 {[%emt 0:00:03] [#] KR-KR} 69. Kg4 $1 Rxe4 70. Rxc7 (70. Kf5 Re7 71. Rg2+ (71. Kxf6 Rh7 $16) 71... Kf8 $16) 70... Rxa4 71. Rc6 $2 (71. Kf5 Rd4 $16) (71. Rb7 {[%cal Og4f5] Kf5! would now be deadly.} Rd4 72. Kf5) 71... Rd4 {[%emt 0:00:58] [#]} (71... Rb4 $142) 72. Rxd6 $2 (72. Kf5 $1 $18 ) 72... a4 {[%emt 0:00:08][%cal Ba5a4,Ba4a3,Ba3a2][%mdl 32] The position is equal.} 73. Kf5 (73. Rxb6 {simplifies} Rxd5 74. Rxf6 Rxb5 75. Ra6) 73... a3 74. Rxb6 (74. Kxf6 Rxf4+ 75. Ke5 a2 76. Rg6+ Kf8 $17) 74... a2 75. Ra6 (75. Kxf6 a1=Q (75... a1=B 76. Rb8+ Kh7 77. Rb7+ Kh6 78. Ke5 $11) 76. Rb8+ Kh7 77. Ke5 Rc4+ 78. Ke6 Rxf4 79. Rb7+ Kg6 80. Kd6 Rf6+ 81. Kc7 Qe5+ 82. Kc8 Rf8+ (82... Qxd5 83. Rd7 Qxb5 84. Rd4 Qc6+ 85. Kb8 Rf8+ 86. Rd8 Rxd8+ 87. Ka7 Ra8#) 83. Kd7 Qxd5+ 84. Ke7 Qd8+ (84... Qxb7+ 85. Kd6 Rf5 86. Ke6 Qc7 87. b6 Re5#) 85. Ke6 Re8+) (75. Kg6 $5 Kf8 $8 76. Ra6 (76. Kxf6 $2 Rxf4+ 77. Kg5 a1=Q $19) (76. Rxf6+ Ke7 $11) 76... Rxf4 77. d6 $11 (77. Rxa2 Ke7 $11)) 75... Rxd5+ 76. Kg6 $1 {[%emt 0:00:07] Intending Ra8+ and mate.} (76. Kxf6 $2 {perishes.} Rd6+ (76... Rxb5 77. Ra8+ Kh7 78. Ra7+ Kh6 79. Rxa2 $11) 77. Rxd6 a1=Q+ (77... a1=B+ 78. Kg6 Kf8 79. Re6 Bg7 80. b6 Bd4 81. b7 Ba7 82. f5 Bb8 83. f6 Bg3 84. f7 Bh4 85. Re8#) 78. Kf5 Qb1+ 79. Kg4 Qb2 $19 (79... Qxb5 $2 80. Rg6+ Kf8 81. f5 $19)) 76... Kf8 77. b6 (77. Kxf6 $2 {too greedy.} Rd6+ (77... Rxb5 78. Ra8+) 78. Rxd6 a1=Q+ (78... a1=B+ 79. Ke6 Bc3 80. b6 Bb4 81. Rd8+ Kg7 82. b7 Bf8 83. b8=Q) 79. Kf5 Qb1+ 80. Kg5 Ke7 $19 (80... Qxb5+ $2 81. f5 $19)) (77. Rxa2 {simplifies} Rxb5 78. Ra8+ Ke7 79. Ra7+) 77... Rb5 (77... Rd2 {feels hotter.} 78. b7 Rb2 79. Kxf6 Rb6+) 78. f5 Rxb6 79. Rxa2 Rb8 {[%emt 0:00:37] Repels Ra8} 80. Ra6 (80. Kxf6 $5 Rb6+ $8 81. Kg5 $11) 80... Kg8 81. Rc6 Ra8 82. Rd6 Rb8 83. Kxf6 {[%emt 0:00:18] Threatening mate with Kg6.} Rb1 84. Rd8+ Kh7 85. Ke7 Rb7+ 86. Rd7 Rb8 87. Ke6+ Kg8 88. f6 Re8+ 89. Re7 Kf8 90. Rxe8+ Kxe8 91. f7+ Kf8 92. Kf6 {[%emt 0:00:32] Blacks defense is rewarded with a draw.   Weighted Error Value: White=0.09 (flawless) /Black=0.08 (flawless) .  Loses game:     	---       	Black=1      Missed win:     	White=1     	---        Mistake:       	White=3     	Black=2      Inaccurate:     	White=1     	Black=1      OK:         	White=24    	Black=22     Best:        	White=1     	Black=11     Strong:       	White=4     	Black=2} 1/2-1/2

[Event "BL 2024-25"]
[Site "Austria"]
[Date "2024.10.12"]
[Round "4.9"]
[White "Kraus, Tomas"]
[Black "Peyrer, Konstantin"]
[Result "0-1"]
[Annotator "TA"]
[ECO "D30"]
[WhiteElo "2461"]
[BlackElo "2415"]
[PlyCount "56"]
[EventDate "2024.08.28"]
[EventType "team-tourn"]
[EventCountry "AUT"]
[SourceTitle "playchess.com"]
[Source "ChessBase"]
[SourceQuality "1"]
[WhiteTeam "Mistelbach"]
[BlackTeam "Ottakring"]
[TimeControl "40/5400+30:1800+30"]

1. Nf3 Nf6 2. c4 e6 3. e3 d5 4. d4 Bb4+ 5. Bd2 Be7 6. Nc3 {[%emt 0:01:34] D30: Damegambiet Geweigerd: Systemen zonder Pc3.} O-O {[%emt 0:03:11] OK} 7. Bd3 c5 8. cxd5 {[%emt 0:05:18] OK. De stelling is in evenwicht.} exd5 9. dxc5 Bxc5 10. O-O {[%emt 0:06:57] OK} Nc6 {[%emt 0:00:47] OK} 11. Rc1 Bg4 {[%emt 0:05:32] OK} 12. Be2 Re8 $146 {[%emt 0:08:13] Onnauwkeurig} ({Predecessor:} 12... a6 13. h3 Bh5 14. Na4 Bd6 15. Nc5 Qb6 16. Na4 Qc7 17. Be1 Rac8 18. Nc3 Rfd8 19. Qb3 Qe7 20. Bd2 b5 21. Rfd1 Na5 {0-1 Montano Vicente,G (1819)-Ambartsumova,K (2406) Titled Tuesday intern op 16th Apr Early blitz 2024 (1)}) 13. h3 Bh5 14. Nb5 {[%emt 0:10:09] Onnauwkeurig} (14. Be1 $5 {vereenvoudigt} Bd6 15. Nh4 Bxe2 16. Nxe2 Rc8 17. Bc3) 14... Ne4 {[%emt 0:06:55] Onnauwkeurig} 15. Bc3 $2 {[%emt 0:04:29] Fout (1.8)} (15. Be1 $11) 15... Ng3 {[%emt 0:06:50][%cal Re8e3] [#] ...Rxe3! is de sterke dreiging. Zwart is actiever.} 16. Be1 {[%emt 0:19:11] pakt misschien beter uit. Fout (0.9)} (16. fxg3 $2 {te hebberig.} Bxe3+ 17. Kh2 Bxc1) (16. Bd2 $17 Nxe2+ (16... Nxf1 17. Rxc5 Nxd2 18. Qxd2 $17) 17. Qxe2) 16... Nxe2+ $19 {[%emt 0:14:28] Beste (Gemakkelijk)} (16... Nxf1 17. Rxc5 Qe7 18. Rxd5 (18. Qxd5 Bxf3 19. Bxf3 Nd2 $17) 18... Nxe3 19. fxe3 Qxe3+ 20. Kf1 $18) 17. Qxe2 Bb6 {[%emt 0:00:06] Sterke dreiging met ...a6. OK} 18. g4 Bg6 {[%emt 0:00:33] Dreigt te winnen met ...d4. OK} 19. Qd1 {[%emt 0:01:19] Fout (0.9)} (19. Rd1) 19... h5 {[%emt 0:03:43] OK} 20. Bc3 {[%emt 0:01:35] is een betere verdediging. Fout (1.6)} (20. Rc3) 20... hxg4 {[%emt 0:01:55] Beste} 21. hxg4 Re4 {[%emt 0:00:34] OK} 22. Nh2 {[%emt 0:03:32] OK} a6 {[%emt 0:02:11] OK} 23. Nd4 {[%emt 0:00:19] OK} Bc7 24. f4 {[%emt 0:07:13] Unavoidable move. Fout (1.8)} (24. f3 Rxe3 25. Nxc6) 24... Rxe3 {[%emt 0:03:34] Beste. Zwart is duidelijk aan het winnen.} 25. Nxc6 {[%emt 0:00:14] Fout (2.6)} (25. Nf5 $142 Bxf5 26. gxf5) 25... Qh4 {[%emt 0:00:39] Beste} 26. Rf3 Bxf4 27. Ne7+ Rxe7 28. Rxf4 Qg3+ {[%emt 0:00:05] Blunder waarde: Wit=1.36/Zwart=0.08 (foutloos) .  Fout:        	Wit=6      	---        Onnauwkeurig:    	Wit=1      	Zwart=2      OK:         	Wit=4      	Zwart=8      Beste:        	---       	Zwart=4} 0-1